 Dungeon Crawl Stone Soup version 0.20.1-1-g8b1a95d (webtiles) character file.

15236 Jazqa the Warrior (level 11, -8/168 HPs)
             Began as a Minotaur Berserker on Oct 23, 2017.
             Was a High Priest of Trog.
             Mangled by a stone giant (33 damage)
             ... in a volcano.
             The game lasted 00:27:19 (12239 turns).

Jazqa the Warrior (Minotaur Berserker)             Turns: 12239, Time: 00:27:19

Health: -8/168     AC: 25    Str: 21    XL:     11   Next: 99%
Magic:  10/10      EV:  2    Int:  4    God:    Trog [*****.]
Gold:   678        SH:  4    Dex: 16    Spells: 10/10 levels left

rFire    + . .     SeeInvis .   G - +1 whip (flame)
rCold    x . .     Gourm    .   m - +1 buckler
rNeg     + + +     Faith    .   (armour currently unavailable)
rPois    +         Spirit   .   (helmet unavailable)
rElec    .         Reflect  .   (cloak currently unavailable)
rCorr    .         Harm     .   (gloves currently unavailable)
MR       .....     NoTele   +   (boots currently unavailable)
Stlth    ++........             (no amulet)
Regen    0.4/turn               F - ring of fire
MPRegen  0.2/turn               N - ring of positive energy

@: tree-form, berserk cooldown, slowed, very slow
A: (retaliatory headbutt), thin skeletal structure 1, deterioration 1
a: Berserk, Trog's Hand, Brothers in Arms, Burn Spellbooks, Renounce Religion


You were in a volcano.
You worshipped Trog.
Trog was extremely pleased with you.
You were not hungry.
You were a tree.
You visited 2 branches of the dungeon, and saw 11 of its levels.
You also visited: Volcano.

You collected 678 gold pieces.


Innate Abilities, Weirdness & Mutations

((You reflexively headbutt those who attack you in melee.))
((You have a pair of large horns on your head.))
You have a somewhat thin skeletal structure. (Dex +2, Stealth)
Your body sometimes deteriorates upon taking damage.
((Your flesh is heat resistant. (rF+)))


   Skills:
 + Level 15.0 Fighting
 - Level 12.4 Maces & Flails
 + Level 9.6 Armour
 + Level 8.5 Dodging


You had 10 spell levels left.
You didn't know any spells.

Inventory:

Hand Weapons
 a - a +0 flail of freezing
 G - a +1 whip of flaming (weapon)
Missiles
 H - a throwing net {=f}
Armour
 j - a +0 chain mail (melded)
 m - a +1 buckler (worn)
 M - a +2 pair of gloves (melded)
 S - a +0 cloak (melded)
Jewellery
 F - a ring of fire (left branch)
 N - a ring of positive energy (right branch)
 R - an uncursed ring of resist corrosion
Wands
 d - a wand of clouds (3/9)
 D - a wand of enslavement (10/24)
 E - a wand of paralysis (5/24)
 J - a wand of lightning (10/15)
 K - a wand of confusion (28/48)
 T - a wand of polymorph (11/24)
 U - a wand of acid (12/15)
Scrolls
 k - 3 scrolls of fear
 l - a scroll of recharging
 p - 5 scrolls of identify {@r1}
 q - a scroll of enchant weapon
 s - a scroll of brand weapon
 u - 2 scrolls of immolation {!r}
 y - 2 scrolls of blinking
 A - a scroll of remove curse {@r2}
Potions
 b - 2 potions of cancellation
 h - a potion of mutation {!q}
 n - a potion of brilliance {unknown}
 o - 2 potions of lignification {!q}
 r - 2 potions of flight
 t - 3 potions of resistance
 w - a potion of invisibility {unknown}
 x - 2 potions of curing {unknown}
 B - a potion of magic {unknown}
 C - 2 potions of haste {unknown}
 I - a potion of degeneration {unknown}
 P - 2 potions of agility
Miscellaneous
 e - a phantom mirror
Comestibles
 c - 9 bread rations {@e1}
 f - 2 royal jellies {@e3}
 g - 3 meat rations {@e1}

Dungeon Overview and Level Annotations

Branches:
Dungeon (9/15)             Temple (0/1) D:5            Lair (2/6) D:9
 Spider (0/4) Lair:2          Orc (0/2) D:9
  Swamp: Lair:2-4    Shoals: Lair:2-4

Altars:
Cheibriados
Kikubaaqudgha
Makhleb
Okawaru
Ru
Trog
Uskayaw
Zin

≈§§§§≈≈≈≈§ ≈≈§≈≈≈≈§ §≈≈≈≈ ≈§≈≈≈
≈§§≈ ≈≈≈§≈≈≈ ≈§≈≈ ≈≈≈≈≈≈≈≈ §
▒▒▒▒▒▒▒▒▒ ▒.≈≈≈≈≈≈≈ .'.....+
▒.§≈≈≈§≈≈ ▒.8⚑8.▒ ▒.≈≈≈≈≈≈≈
▒.C...▒ ▒..≈≈§§§≈ ▒♣▒
▒▒▒.§§§≈§≈§ ▒)▒ .▒§§≈≈§≈§§ ▒.▒
▒.≈≈≈≈§§. ▒.▒ ▒..§≈§.§§ ▒.▒
▒.≈§§§.≈§ ▒.▒ ▒§§§≈.≈≈≈ ▒.▒
▒§§≈.≈§§§
▒▒▒▒▒▒▒▒'▒▒▒▒▒▒▒▒.§.§§§≈§
§§≈≈≈≈..........§......≈§§§§§§§


You could see a stone giant.


Message History

Your +0 chain mail melds into your body.
Your roots penetrate the ground.
The stone giant hits you but does no damage.
The stone giant hits you!
* * * LOW HITPOINT WARNING * * *
You hit the stone giant but do no damage.
The stone giant is moderately wounded.
The stone giant hits you!
* * * LOW HITPOINT WARNING * * *
You barely miss the stone giant.
The stone giant is moderately wounded.
You hit the stone giant. You burn the stone giant.
The stone giant is moderately wounded.
The stone giant hits you!
* * * LOW HITPOINT WARNING * * *
Your shield prevents you from hitting the stone giant.
The stone giant is moderately wounded.
The stone giant hits you but does no damage.
You hit the stone giant but do no damage.
The stone giant is moderately wounded.
You block the stone giant's attack.
You hit the stone giant but do no damage.
The stone giant is moderately wounded.
You block the stone giant's attack.
You hit the stone giant. You burn the stone giant.
The stone giant is moderately wounded.
You hit the stone giant. You burn the stone giant.
The stone giant is moderately wounded.
The stone giant hits you!!
You die...

Skill      XL: |  1  2  3  4  5  6  7  8  9 10 11 |
---------------+----------------------------------+-----
Fighting       | 4 5 6 7 8 10 12 13 15 | 15.0
Maces & Flails | 4 5 6 7 8 10 12 | 12.4
Armour         | 6 9 |  9.6
Dodging        | 5 8 |  8.5

Action                   |  1- 3 |  4- 6 |  7- 9 | 10-12 || total
-------------------------+-------+-------+-------+-------++-------
Melee: Mace              |    70 |   120 |   273 |       ||   463
       Headbutt          |    16 |    17 |    95 |   127 ||   255
       Whip              |       |       |   116 |   436 ||   552
       Flail             |       |       |       |     5 ||     5
Invok: Berserk           |     2 |       |     4 |     6 ||    12
       Trog's Hand       |       |       |     1 |     2 ||     3
       Burn Spellbooks   |       |       |       |     2 ||     2
       Brothers in Arms  |       |       |       |     2 ||     2
  Use: Scroll            |     2 |       |     8 |     9 ||    19
       Potion            |       |       |       |     7 ||     7
 Stab: Sleeping          |       |     4 |       |       ||     4
  Eat: Chunk             |     2 |     8 |    17 |    17 ||    44
       Meat ration       |       |       |       |     1 ||     1
Armor: Animal skin       |    19 |     6 |       |       ||    25
       Chain mail        |       |    27 |   146 |   101 ||   274
       Skin              |       |       |       |    21 ||    21
Dodge: Dodged            |    49 |    73 |   110 |   119 ||   351
Block: Buckler           |       |     9 |    52 |    48 ||   109

Vault maps used:
D:1:      arrival_aquarium_b, serial_co_window_serial,
          co_window_of_opportunity_a, co_window_paths_a, co_window_paths_b,
          co_window_corner_a, co_window_of_opportunity_a, co_window_paths_b,
          co_window_corner_a, co_window_broadway_c, co_window_corner_b,
          co_window_broadway_c, co_window_corner_b, co_window_4corner_b
D:2:      okawaru_ov_weapons_minmay, uniq_robin
D:5:      kennysheep_mini, minmay_temple_entry_overgrown, basic_altar,
          first_bread
D:6:      kennysheep_generic_room_13
D:7:      basic_altar, uniq_crazy_yiuf_cottage, uniq_menkaure, uniq_pikel
D:8:      lemuel_mausoleum_altar_kikubaaqudgha
D:9:      overflow_temple_1_default, grunt_temple_overflow_order_and_chaos_2,
          trog_ov_bears_minmay, lair_entry_dummy, orc_0_dummy,
          chei_slow_surprise, uniq_maurice
Lair:1:   beast_lair_carwin_2
Lair:2:   spider_nest_entry_funnel_web, nicolae_volcano_entry_s_turn,
          serial_bayou_pond_e, uniq_urug
Volcano:  volcano_lake

Notes
Turn   | Place    | Note
-------+----------+-------------------------------------------
     0 | D:1      | Jazqa the Minotaur Berserker began the quest for the Orb.
     0 | D:1      | Reached XP level 1. HP: 19/19 MP: 0/0
     5 | D:1      | Noticed an electric eel
     5 | D:1      | Noticed an electric eel
   350 | D:1      | Reached skill level 4 in Fighting
   350 | D:1      | Reached skill level 4 in Maces & Flails
   350 | D:1      | Reached XP level 2. HP: 13/27 MP: 1/1
  1006 | D:1      | Reached ** piety under Trog
  1006 | D:1      | Reached XP level 3. HP: 33/33 MP: 2/2
  1109 | D:2      | Found an iron altar of Okawaru.
  1428 | D:2      | Noticed Robin
  1444 | D:2      | Reached XP level 4. HP: 39/41 MP: 3/3
  1449 | D:2      | Reached skill level 5 in Maces & Flails
  1454 | D:2      | HP: 1/41 [Robin/spear (7)]
  1456 | D:2      | Killed Robin
  1456 | D:2      | Reached skill level 5 in Fighting
  2216 | D:3      | Reached *** piety under Trog
  2945 | D:4      | Reached XP level 5. HP: 32/48 MP: 4/4
  2965 | D:4      | Noticed an ogre
  2973 | D:4      | Reached skill level 6 in Maces & Flails
  2976 | D:4      | Killed an ogre
  2976 | D:4      | Reached skill level 6 in Fighting
  2976 | D:4      | Reached XP level 6. HP: 16/57 MP: 5/5
  3425 | D:4      | Reached skill level 7 in Maces & Flails
  3505 | D:4      | Reached skill level 7 in Fighting
  3589 | D:4      | Got an ominously black robe
  3600 | D:4      | Identified the +1 robe "Reaniju" {Stlth+} (You took it off an orc on level 4 of the Dungeon)
  3619 | D:4      | Reached **** piety under Trog
  3619 | D:4      | Reached XP level 7. HP: 51/66 MP: 6/6
  3825 | D:5      | Entered Level 5 of the Dungeon
  3840 | D:5      | Found a staircase to the Ecumenical Temple.
  4279 | D:5      | Found a glowing silver altar of Zin.
  4541 | D:5      | Reached skill level 8 in Maces & Flails
  4550 | D:5      | Reached skill level 8 in Fighting
  4670 | D:5      | HP: 5/68 [centaur (4)]
  4919 | D:5      | Found a hide-covered altar of Uskayaw.
  4999 | D:6      | Reached XP level 8. HP: 75/75 MP: 7/7
  5133 | D:6      | Reached skill level 9 in Fighting
  5133 | D:6      | Reached skill level 9 in Maces & Flails
  5857 | D:6      | Reached skill level 10 in Fighting
  5941 | D:6      | Reached skill level 10 in Maces & Flails
  5988 | D:7      | Found a sacrificial altar of Ru.
  5988 | D:7      | Noticed a hornet
  5990 | D:7      | Paralysed by a hornet for 1 turns
  5991 | D:7      | Noticed Pikel
  5992 | D:7      | Noticed Menkaure
  5995 | D:6      | Killed a hornet
  6220 | D:6      | Killed Menkaure
  6220 | D:6      | Reached XP level 9. HP: 86/86 MP: 8/8
  6322 | D:7      | Identified 3 potions of resistance
  6399 | D:7      | Reached ***** piety under Trog
  6439 | D:7      | Found a runed door.
  6465 | D:7      | Noticed Crazy Yiuf
  6471 | D:7      | Killed Crazy Yiuf
  6617 | D:7      | Killed Pikel
  6617 | D:7      | Reached skill level 11 in Fighting
  6617 | D:7      | Reached skill level 11 in Maces & Flails
  6638 | D:7      | Received a gift from Trog
  7386 | D:8      | Reached skill level 12 in Fighting
  7534 | D:8      | Reached skill level 12 in Maces & Flails
  7698 | D:8      | Found an ancient bone altar of Kikubaaqudgha.
  7722 | D:8      | Reached XP level 10. HP: 99/99 MP: 9/9
  7847 | D:8      | Reached skill level 3 in Armour
  7932 | D:9      | Noticed a two-headed ogre
  7938 | D:9      | Killed a two-headed ogre
  7938 | D:9      | Reached skill level 3 in Dodging
  7964 | D:9      | Noticed a two-headed ogre
  8014 | D:8      | Reached skill level 4 in Armour
  8049 | D:9      | Found a sacrificial altar of Ru.
  8055 | D:9      | Noticed a two-headed ogre
  8065 | D:9      | Killed a two-headed ogre
  8065 | D:9      | Reached skill level 13 in Fighting
  8065 | D:9      | Reached skill level 4 in Dodging
  8079 | D:9      | Reached skill level 5 in Armour
  8164 | D:9      | Found a bloodstained altar of Trog.
  8238 | D:9      | Noticed a two-headed ogre
  8250 | D:9      | Killed a two-headed ogre
  8250 | D:9      | Reached skill level 6 in Armour
  8250 | D:9      | Reached skill level 5 in Dodging
  8255 | D:9      | Noticed Maurice
  8261 | D:9      | Paralysed by something for 7 turns
  8272 | D:9      | Paralysed by something for 2 turns
  8276 | D:9      | Killed Maurice
  8445 | D:9      | Killed a two-headed ogre
  8445 | D:9      | Reached XP level 11. HP: 46/108 MP: 10/10
  8743 | D:9      | Reached skill level 6 in Dodging
  8796 | D:9      | Found a snail-covered altar of Cheibriados.
  8852 | D:9      | Found a staircase to the Orcish Mines.
  8861 | D:9      | Reached skill level 7 in Armour
  8926 | D:9      | Found a glowing silver altar of Zin.
  8929 | D:9      | Found a burning altar of Makhleb.
  9118 | D:9      | Found a staircase to the Lair.
  9153 | D:9      | Noticed an angel
  9154 | D:9      | Noticed a green death
  9253 | Lair:1   | Entered Level 1 of the Lair of Beasts
  9385 | Lair:1   | Reached skill level 14 in Fighting
  9386 | Lair:1   | Received a gift from Trog
 10011 | Lair:1   | Reached skill level 7 in Dodging
 10140 | Lair:1   | Reached skill level 8 in Armour
 10428 | Lair:1   | HP: 15/165 [komodo dragon (22)]
 11258 | Lair:2   | Reached skill level 9 in Armour
 11258 | Lair:2   | Reached skill level 8 in Dodging
 11502 | Lair:2   | Gained mutation: You have a pair of large horns on your head. [potion of mutation]
 11502 | Lair:2   | Gained mutation: Your flesh is heat resistant. (rF+) [potion of mutation]
 11502 | Lair:2   | Gained mutation: Your body sometimes deteriorates upon taking damage. [potion of mutation]
 11502 | Lair:2   | Gained mutation: You have a somewhat thin skeletal structure. (Dex +2, Stealth) [potion of mutation]
 11530 | Lair:2   | HP: 3/110 [spiny frog (17)]
 11808 | Lair:2   | Found a dark tunnel.
 11817 | Volcano  | Entered a volcano
 12196 | Volcano  | Found a bloodstained altar of Trog.
 12200 | Volcano  | Reached skill level 15 in Fighting
 12224 | Volcano  | Noticed a stone giant
 12239 | Volcano  | Mangled by a stone giant

Vanquished Creatures
  4 two-headed ogres (D:9)
  Pikel (D:7)
  Maurice (D:9)
  2 black mambas (Lair:2)
  7 spiny frogs
  5 komodo dragons (Lair:1)
  An efreet (Volcano)
  A troll (Lair:1)
  A jumping spider (Lair:2)
  A hornet (D:6)
  A hippogriff (Lair:1)
  A wraith (D:8)
  A redback (Lair:2)
  A basilisk (Lair:1)
  2 fire bats (Volcano)
  Menkaure (D:6)
  2 water moccasins (Lair:1)
  2 porcupines
  2 black bears (D:9)
  3 orc warriors
  3 sky beasts
  2 hornet zombies (D:9)
  3 ice beasts
  3 slaves
  2 phantoms
  3 necrophages
  8 ogres
  3 centaurs
  A crocodile (Lair:1)
  An elf zombie (D:8)
  11 bullfrogs
  An earth elemental (Volcano)
  2 scorpions
  2 howler monkeys (D:9)
  2 lava snakes (Volcano)
  6 crimson imps
  A bullfrog zombie (D:9)
  2 jellies
  A centaur zombie (D:5)
  3 human zombies (D:8)
  7 orc wizards
  2 orc priests
  9 hounds
  A human skeleton (D:8)
  Crazy Yiuf (D:7)
  2 bullfrog skeletons
  3 iguanas
  12 worker ants
  A killer bee zombie (D:6)
  A mummy (D:8)
  Robin (D:2)
  4 adders
  A howler monkey skeleton (D:5)
  4 shadow imps
  An ooze (D:3)
  4 adder skeletons
  A worm (D:9)
  4 dart slugs
  6 leopard geckos
  36 orcs
  A ball python (D:4)
  5 giant cockroaches
  6 hobgoblins
  5 jackals
  10 quokkas
  12 bats
  5 frilled lizards
  A giant cockroach zombie (D:5)
  17 goblins
  14 kobolds
  A leopard gecko skeleton (D:4)
  3 orc zombies (D:8)
  A quokka skeleton (D:4)
  6 rats
288 creatures vanquished.

Vanquished Creatures (collateral kills)
  A spiny frog (Lair:2)
  A jumping spider (Lair:2)
  A basilisk (Lair:2)
  A fire elemental (Volcano)
  An earth elemental (Volcano)
5 creatures vanquished.

Vanquished Creatures (others)
  An orc priest (D:7)
  2 orcs (D:7)
  2 fungi
  A plant (Lair:2)
6 creatures vanquished.

Grand Total: 299 creatures vanquished
